cohdb
Replays
Latest Replays
All Replays
Popular Replays
Top Player Replays
Match Explorer
How It Works
Community
CoH3 Stats
Reddit
Sign in to upload your games and track your stats! →
Sign in with Steam
Match 44134908
Unlisted
Match 44134908
Overview
Messages
Build Orders
End
Construct Weapon Support Center
Selects Advanced Infantry Battlegroup
Selects Advanced Infantry Battlegroup
Selects Advanced Infantry Battlegroup
Engineer Squad
Bazooka Squad
M1919 Machine Gun Team
Engineer Squad
Construct Barracks
Riflemen Squad
Selects Ammunition Storage
Selects Convert to Ranger Squad
Riflemen Squad
Grenade Package
Selects Frontline Medical Station
Riflemen Squad
Frontline Medical Station
Convert to Ranger Squad
Riflemen Squad
Bazooka Squad
Engineer Squad
Selects Infantry Assault
Infantry Assault
Selects M2A1 105mm Howitzer Emplacement
Mechanized Support Center
Infantry Assault
Construct Tank Depot
M4A1 Sherman Medium Tank
M4A1 Sherman Medium Tank
M4A1 76mm Conversion
Infantry Assault
Salvage Crew
Asa
imc下等步枪兵fish
Faurix
勇于撤退先遣兵
PartTime_RebeL
【嗜血狼族】灵狐魅儿
Holyluya
mayomeyo
0
0
Comments
sign in to comment!
No comments posted yet!